 Dungeon Crawl Stone Soup version 0.27-a0-1232-gc6a4cbde82 (webtiles) character file.

Game seed: 13607477961193715423

13384 robertstho the Thaumaturge (level 12, -9/79 HPs)
             Began as a Djinni Fire Elementalist on June 8, 2021.
             Was an Initiate of Gozag.
             Mangled by a boulder beetle (18 damage)
             ... on level 11 of the Dungeon.
             The game lasted 00:23:08 (17297 turns).

robertstho the Thaumaturge (DjFE)                  Turns: 17297, Time: 00:23:09

Health: -9/79      AC:  9    Str:  7    XL:     12   Next: 32%
Gold:   1417       EV: 15    Int: 24    God:    Gozag SH:  0 Dex: 15

rFire    + + .     SeeInvis .   v - +8 trident "Sarcophage" {elec, Int+3}
rCold    x . .     Faith    .   (no shield)
rNeg     . . .     Spirit   .   y - +1 robe of Starshine {Slay+2 Stlth+}
rPois    ∞         Reflect  .   (no helmet)
rElec    .         Harm     .   u - +0 cloak
rCorr    .         Rampage  .   i - +0 pair of gloves
Will     +....                  (boots unavailable)
Stlth    ++++......             H - amulet of the acrobat
HPRegen  0.23/turn              k - ring of wizardry
MPRegen  0.00/turn              M - +4 ring of protection

@: flying, studying Polearms
A: sickness immunity, fire resistance 2, cold vulnerability 1, float, innate
caster, hp casting, extra vitality 1
a: Renounce Religion, Potion Petition, Call Merchant, Bribe Branch


You were on level 11 of the Dungeon.
You worshipped Gozag.
Gozag was most pleased with you.
You visited 2 branches of the dungeon, and saw 12 of its levels.

You collected 1706 gold pieces.
You spent 198 gold pieces at shops.
You paid 91 gold pieces to Gozag.

Inventory:

Hand Weapons
 j - a +2 scythe of venom
 v - the +8 trident "Sarcophage" (weapon) {elec, Int+3}
   (You found it on level 10 of the Dungeon)

   Occasionally, upon striking a foe, it can discharge electrical energy and
   cause terrible harm.
   It affects your intelligence (+3).
 w - a +0 whip of electrocution
 O - a +1 scimitar of flaming
Missiles
 f - 14 atropa-tipped darts
 F - 5 boomerangs of dispersal
Armour
 i - a +0 pair of gloves (worn)
 u - a +0 cloak (worn)
 y - the +1 robe of Starshine (worn) {Slay+2 Stlth+}
   (You found it on level 8 of the Dungeon)

   It affects your accuracy and damage with ranged weapons and melee attacks
   (+2).
   It makes you more stealthy.
Jewellery
 k - a ring of wizardry (left hand)
 l - a +6 ring of strength
 s - a +6 ring of intelligence
 H - an amulet of the acrobat (around neck)
 L - a +6 ring of dexterity
 M - a +4 ring of protection (right hand)
Wands
 c - a wand of iceblast (33)
 B - a wand of digging (3)
 K - a wand of mindburst (7)
 N - a wand of flame (39)
 P - a wand of polymorph (8)
Scrolls
 b - 3 scrolls of fog
 d - a scroll of identify
 e - 10 scrolls of teleportation
 m - 2 scrolls of silence
 n - 2 scrolls of vulnerability
 r - 4 scrolls of magic mapping {unknown}
 t - a scroll of enchant armour {unknown}
 x - a scroll of immolation {unknown}
 C - 3 scrolls of brand weapon {unknown}
 D - 2 scrolls of enchant weapon
 I - 2 scrolls of holy word
Potions
 a - a potion of flight {unknown}
 g - a potion of berserk rage {unknown}
 h - a potion of attraction {unknown}
 o - 2 potions of lignification {unknown}
 p - 3 potions of curing
 q - a potion of ambrosia {unknown}
 z - 3 potions of cancellation {unknown}
 A - a potion of might {unknown}
 E - 4 potions of haste {unknown}
 G - 2 potions of brilliance
 J - a potion of heal wounds {unknown}


   Skills:
 + Level 4.6 Fighting
 + Level 6.9 Polearms
 + Level 6.2 Dodging
 + Level 5.3 Stealth
 + Level 11.6 Spellcasting


You had 4 spell levels left.
You knew the following spells:

 Your Spells              Type           Power      Damage    Failure   Level
a - Foxfire               Conj/Fire      100%       2x1d9     1%          1
b - Conjure Flame         Conj/Fire      62%        6-21      1%          3
c - Inner Flame           Hex/Fire       62%        N/A       1%          3
d - Sticky Flame          Conj/Fire      62%        2d8       1%          4
e - Fireball              Conj/Fire      31%        3d13      1%          5
f - Apportation           Tloc           100%       N/A       1%          1
g - Blink                 Tloc           N/A        N/A       1%          2
h - Gell's Gravitas       Tloc           31%        N/A       1%          3
i - Ozocubu's Armour      Ice            62%        N/A       1%          3
j - Manifold Assault      Tloc           62%        N/A       1%          5
Your spell library was empty.

Dungeon Overview and Level Annotations

Branches:
Dungeon (11/15)            Temple (1/1) D:6             Orc (0/2) D:10
   Lair: D:8-11

Altars:
Ashenzari
Dithmenos
Elyvilon
Gozag
Hepliaklqana
Makhleb
Nemelex Xobeh
Ru
Wu Jian

Shops:
D:10 (

Annotations:
D:3 3 runed translucent doors, bronco's ghost, amateur TrAr
D:5 2 runed translucent doors, pigah's ghost, novice OpWn
D:11 1 runed translucent door


Innate Abilities, Weirdness & Mutations

You are immune to sickness and miasma.
You are immune to poison.
Your flesh is very heat resistant. (rF++)
You are vulnerable to cold. (rC-)
You float through the air rather than walking.
You learn spells naturally, not from books.
Your magical power is your life essence.
You have superior vitality. (+4 HP)


Message History

Press: ? - help, Shift-Dir - straight line, f/p - boulder beetle
Aim: a boulder beetle (moderately wounded, covered in liquid flames, chance to affect: 48%)
The boulder beetle resists with some effort.
The boulder beetle burns!
The boulder beetle curls into a ball and begins rolling!
Casting: Sticky Flame (safe; 1% risk of failure)
Confirm with . or Enter, or press ? or * to list all spells.
Aiming: Fireball (dangerous; 1% risk of failure)
Press: ? - help, Shift-Dir - straight line, f/p - boulder beetle
Aim: a boulder beetle (moderately wounded, rolling, covered in liquid flames)
The fireball explodes!
The fireball engulfs the boulder beetle!
The boulder beetle is heavily wounded.
The boulder beetle burns!
Casting: Fireball (dangerous; 1% risk of failure)
Confirm with . or Enter, or press ? or * to list all spells.
Aiming: Fireball (dangerous; 1% risk of failure)
Press: ? - help, Shift-Dir - straight line, f/p - boulder beetle
Aim: a boulder beetle (severely wounded, rolling, covered in liquid flames)
The fireball explodes!
The fireball engulfs the boulder beetle!
The boulder beetle is almost dead.
The boulder beetle burns!
The boulder beetle stops burning.
Casting: Fireball (dangerous; 1% risk of failure)
Confirm with . or Enter, or press ? or * to list all spells.
Aiming: Fireball (dangerous; 1% risk of failure)
Press: ? - help, Shift-Dir - straight line, f/p - boulder beetle
Aim: a boulder beetle (almost dead, rolling)
The fireball explodes!
The fireball engulfs the boulder beetle.
The boulder beetle is almost dead.
The boulder beetle hits you!!!
Ouch! That really hurt!
* * * LOW HITPOINT WARNING * * *
The boulder beetle stops rolling and uncurls.
You feel better.
A centaur warrior zombie comes into view.
The boulder beetle bites you!!
You die...
Your body crumbles into a pile of gold.

#.# #.# #.## ##.# $ .#
#..# #..# ..# ##..##
##..# ...# #.○..# #..##
....# #○...## ##..#
.Z...# ##.....## #...##
......####°......###....#
........@B.......##......
.#...............#......
###...#####............ $
#...# ##........... #[..#
#........### #[.)##
##.......## ##.).#
##........##
#...###...##.....#
#.........####...#


You could see a boulder beetle and a centaur warrior zombie.

Vanquished Creatures
  4 two-headed ogres
  Pikel (D:5)
  A cyclops (D:11)
  An ugly thing (D:8)
  Joseph (D:8)
  2 centaur zombies
  2 kobold demonologists
  A troll (D:11)
  Prince Ribbit (D:8)
  Grinder (D:5)
  11 yaks
  Sigmund (D:2)
  A wraith (D:9)
  A wyvern (D:11)
  A vampire (D:10)
  2 basilisks (D:11)
  2 steam dragons
  Menkaure (D:5)
  An acid dragon (D:10)
  3 water moccasins
  2 ice beasts (D:8)
  3 black bears
  A necrophage (D:4)
  6 orc warriors
  4 ogres
  A phantom (D:4)
  4 centaurs
  2 lemures (D:4)
  A kobold brigand (D:6)
  2 gnoll sergeants
  A bullfrog (D:8)
  17 killer bees
  A howler monkey (D:5)
  9 wights
  6 orc priests
  A hound (D:4)
  A jelly (D:4)
  2 gnoll shamans
  2 bullfrog skeletons (D:4)
  Natasha (thrice) (D:3)
  13 orc wizards
  A hound zombie (D:5)
  A hound skeleton (D:5)
  12 gnolls
  3 howler monkey skeletons
  5 adders
  2 white imps
  An ufetubus (D:5)
  An adder skeleton (D:4)
  2 worms (D:3)
  A dart slug (D:1)
  40 orcs
  5 bats
  7 endoplasms
  6 giant cockroaches
  4 goblins
  5 hobgoblins
  12 jackals
  7 kobolds
  2 quokkas
  4 ball pythons
  2 frilled lizards
  A rat (D:2)
245 creatures vanquished.

Vanquished Creatures (others)
  2 orcs
  652 foxfires
  A plant (D:10)
655 creatures vanquished.

Grand Total: 900 creatures vanquished

Notes
Turn   | Place    | Note
-------+----------+-------------------------------------------
     0 | D:1      | robertstho the Djinni Fire Elementalist began the quest for
                  | the Orb.
     0 | D:1      | Reached XP level 1. HP: 15/15 MP: 0/0
   429 | D:1      | Reached XP level 2. HP: 16/21 MP: 0/0
  1180 | D:1      | Reached XP level 3. HP: 17/25 MP: 0/0
  1180 | D:1      | Learned a level 1 spell: Apportation
  1323 | D:1      | Reached skill level 3 in Spellcasting
  1877 | D:2      | Noticed Sigmund
  1885 | D:2      | Killed Sigmund
  1886 | D:2      | Reached skill level 4 in Spellcasting
  1886 | D:2      | Reached XP level 4. HP: 22/31 MP: 0/0
  1886 | D:2      | Reached XP level 5. HP: 24/35 MP: 0/0
  1886 | D:2      | Learned a level 2 spell: Blink
  2271 | D:2      | Found a shadowy altar of Dithmenos.
  2722 | D:3      | Reached XP level 6. HP: 37/40 MP: 0/0
  2881 | D:3      | Found a runed translucent gate.
  2881 | D:3      | Found a runed translucent gate.
  2881 | D:3      | Found a runed translucent gate.
  2881 | D:3      | Noticed bronco's ghost (amateur TrAr)
  3759 | D:3      | Noticed Natasha
  3767 | D:3      | Killed Natasha
  3952 | D:3      | Noticed Natasha
  3960 | D:3      | Killed Natasha
  4289 | D:3      | Noticed Natasha
  4297 | D:3      | Killed Natasha
  4501 | D:3      | Reached XP level 7. HP: 15/46 MP: 0/0
  4501 | D:3      | Learned a level 3 spell: Gell's Gravitas
  4507 | D:3      | Reached skill level 5 in Spellcasting
  4772 | D:4      | Reached skill level 1 in Fighting
  4774 | D:4      | Reached skill level 1 in Polearms
  5022 | D:4      | Reached XP level 8. HP: 25/52 MP: 0/0
  5657 | D:4      | Found a sacrificial altar of Ru.
  5719 | D:5      | Entered Level 5 of the Dungeon
  5719 | D:5      | Noticed Pikel
  5719 | D:5      | Noticed Menkaure
  5912 | D:5      | Reached skill level 6 in Spellcasting
  6033 | D:5      | Found a large runed translucent door.
  6033 | D:5      | Found a large runed translucent door.
  6035 | D:5      | Noticed pigah's ghost (novice OpWn)
  6077 | D:5      | Noticed Grinder
  6085 | D:5      | Killed Grinder
  6119 | D:5      | Killed Menkaure
  6545 | D:5      | Reached XP level 9. HP: 55/58 MP: 0/0
  6545 | D:5      | Learned a level 3 spell: Ozocubu's Armour
  6641 | D:5      | Noticed a two-headed ogre
  6671 | D:5      | Killed a two-headed ogre
  6672 | D:5      | Reached skill level 7 in Spellcasting
  6939 | D:5      | Killed Pikel
  7676 | D:6      | Reached XP level 10. HP: 34/67 MP: 0/0
  7877 | D:6      | Found a staircase to the Ecumenical Temple.
  7886 | Temple   | Entered the Ecumenical Temple
  7893 | Temple   | Became a worshipper of Gozag Ym Sagoz the Greedy
  8273 | D:6      | Reached skill level 8 in Spellcasting
  8758 | D:6      | Reached skill level 5 in Dodging
  9290 | D:6      | Reached skill level 5 in Polearms
 10980 | D:8      | Noticed a brown ugly thing
 10986 | D:8      | Killed a brown ugly thing
 10987 | D:8      | Reached skill level 9 in Spellcasting
 11382 | D:8      | Noticed a two-headed ogre
 11405 | D:8      | Killed a two-headed ogre
 11406 | D:8      | Reached XP level 11. HP: 31/72 MP: 0/0
 11406 | D:8      | Learned a level 5 spell: Manifold Assault
 11958 | D:8      | Noticed Prince Ribbit
 11961 | D:8      | Killed Prince Ribbit
 12274 | D:8      | Identified the +1 robe of Starshine {Slay+2 Stlth+}
 12305 | D:8      | Noticed Joseph
 12312 | D:8      | Killed Joseph
 12625 | D:9      | Reached skill level 10 in Spellcasting
 13049 | D:8      | Reached skill level 5 in Stealth
 13137 | D:9      | Noticed a two-headed ogre
 13150 | D:9      | Killed a two-headed ogre
 14282 | D:10     | Entered Level 10 of the Dungeon
 14556 | D:10     | Found Unoewn's Hydra Hut.
 14557 | D:10     | Noticed a four-headed hydra
 14561 | D:10     | Bought a +1 scimitar of flaming for 198 gold pieces
 14582 | D:10     | Identified a scroll of acquirement
 14583 | D:10     | Acquired a manual of Polearms
 14969 | D:10     | Identified the +8 trident "Sarcophage" {elec, Int+3}
 15455 | D:10     | Found a staircase to the Orcish Mines.
 16096 | D:11     | Reached skill level 11 in Spellcasting
 16101 | D:11     | Reached XP level 12. HP: 59/79 MP: 0/0
 16439 | D:11     | Noticed a two-headed ogre
 16443 | D:11     | Killed a two-headed ogre
 17041 | D:11     | Found a runed translucent door.
 17285 | D:11     | Noticed a boulder beetle
 17296 | D:11     | HP: 3/79 [boulder beetle (47)]
 17297 | D:11     | Mangled by a boulder beetle

Illustrated notes

Levels and vault maps discovered:
D:1:      tarquinn_simple_flora_water_d, layout_loops_cross, minmay_bisected
D:2:      layout_rooms, basic_altar, uniq_sigmund
D:3:      minmay_chambers_of_twos, layout_basic, gammafunk_ghost_split,
          lemuel_flame_loot_1, uniq_natasha
D:4:      layout_rooms, lemuel_tele_altar
D:5:      layout_gridville, ebering_ghost_disaster_area, uniq_pikel,
          uniq_grinder, uniq_menkaure
D:6:      layout_basic, temple_statues
D:7:      layout_basic
D:8:      layout_loops_corners, uniq_joseph, uniq_prince_ribbit1
D:9:      layout_cave_pools, dk_noncrumbling_2, library_closet,
          item_on_display_a
D:10:     layout_loops_cross, erik_orc_4, doesnt_shop_hydraphobe
D:11:     layout_layer_cave, david_lair_generic, ebering_ghost_reflecting_pool
Temple:   nicolae_temple_the_god_donut

Skill      XL: |  1  2  3  4  5  6  7  8  9 10 11 |
---------------+----------------------------------+-----
Spellcasting   | 4 5 6 7 9 11 | 11.6
Stealth        | 2 3 4 5 |  5.3
Fighting       | 1 2 3 4 |  4.6
Dodging        | 3 4 5 6 |  6.2
Polearms       | 1 2 4 5 6 |  6.9

Action                   |  1- 3 |  4- 6 |  7- 9 | 10-12 || total
-------------------------+-------+-------+-------+-------++-------
Melee: Unarmed           |     1 |       |       |       ||     1
       Scythe            |       |    17 |    34 |    37 ||    88
       Trident           |       |       |       |     7 ||     7
 Cast: Foxfire           |    66 |    84 |   141 |    96 ||   387
       Sticky Flame      |       |     4 |     8 |    23 ||    35
       Conjure Flame     |       |     1 |       |     7 ||     8
       Fireball          |       |       |       |   140 ||   140
       Manifold Assault  |       |       |       |     8 ||     8
Evoke: Wand              |       |       |       |     4 ||     4
  Use: Scroll            |       |     4 |     1 |     9 ||    14
       Potion            |       |       |       |     2 ||     2
 Stab: Sleeping          |       |     2 |       |     1 ||     3
       Distracted        |       |       |       |     1 ||     1
Armor: Robe              |       |     4 |    22 |    21 ||    47
Dodge: Dodged            |    13 |    16 |    84 |    68 ||   181

Table legend: (Time is in decaauts)
 A = Elapsed time spent in this place.
 B = Non-inter-level travel time spent in this place.
 C = Inter-level travel time spent in this place.
 D = Time resting spent in this place.
 E = Time spent auto-exploring this place.
 F = Levels seen in this place.
 G = Mean time per level.
                   A        B        C        D        E       F      G
               +--------+--------+--------+--------+--------+-----+--------+
         Total |  17370 |  16791 |    579 |   2658 |  12485 |  12 | 1447.5 |
       Dungeon |  17358 |  16784 |    574 |   2658 |  12484 |  11 | 1578.0 |
        Temple |     12 |      7 |      5 |      0 |      1 |   1 |   12.0 |
               +--------+--------+--------+--------+--------+-----+--------+

Top non-repeatable levels by time:
     D:8: 2539 daAuts
     D:6: 2343 daAuts
     D:3: 2243 daAuts
     D:1: 1654 daAuts
    D:10: 1562 daAuts
     D:5: 1521 daAuts
     D:9: 1457 daAuts
    D:11: 1205 daAuts
     D:4: 1088 daAuts
     D:2: 881 daAuts
     D:7: 860 daAuts
  Temple: 12 daAuts
